 Dungeon Crawl Stone Soup version 0.31-a0-234-gad7ace16ef (webtiles) character file.

Game seed: 10632564646640685602

104 qw the Shooter (level 4, -1/36 HPs)
             Began as a Minotaur Hexslinger on July 9, 2023.
             Succumbed to a scorpion's poison
             ... on level 3 of the Dungeon.
             The game lasted 00:00:51 (1984 turns).

qw the Shooter (Minotaur Hexslinger)                Turns: 1984, Time: 00:00:52

Health: -1/36      AC:  5    Str: 13    XL:     4   Next: 52%
Magic:  4/4        EV: 11    Int: 10    God:
Gold:   162        SH:  5    Dex: 14    Spells: 4/5 levels left

rFire   . . .        Y - +1 sling
rCold   . . .        (no shield)
rNeg    . . .        g - +0 ring mail
rPois   .            (helmet restricted)
rElec   .            (no cloak)
rCorr   .            (no gloves)
SInv    .            (no boots)
Will    .....        i - amulet of reflection
Stlth   +            (no ring)
HPRegen 0.26/turn    (no ring)
MPRegen 0.09/turn

%: reflection
@: lethally poisoned (-1 -> -16)
A: horns 2, retaliatory headbutt
a: no special abilities


You were on level 3 of the Dungeon.
You visited 1 branch of the dungeon, and saw 4 of its levels.

You collected 162 gold pieces.


Innate Abilities, Weirdness & Mutations

You have a pair of horns on your head.
You reflexively headbutt those who attack you in melee.


   Skills:
 - Level 2.0 Fighting
 + Level 4.9 Ranged Weapons
 - Level 1.0 Armour
 - Level 2.1 Dodging
 - Level 1.0 Spellcasting
 - Level 2.0 Hexes


You had 4 spell levels left.
You knew the following spells:

 Your Spells              Type           Power      Damage    Failure   Level
a - Slow                  Hex            16%        N/A       32%         1

Your spell library contained the following spells:

 Spells                   Type           Power      Damage    Failure   Level
 Inner Flame              Hex/Fire       2%         N/A       82%         3
 Portal Projectile        Hex/Tloc       4%         N/A       82%         3
 Cause Fear               Hex            2%         N/A       97%         4

Inventory:

Hand Weapons
 Y - a +1 sling (weapon)
Armour
 g - a +0 ring mail (worn)
Jewellery
 b - a ring of ice
 i - an amulet of reflection (around neck)
Potions
 e - a potion of mutation {unknown}
 f - a potion of curing {unknown}
 h - a potion of enlightenment {unknown}

Dungeon Overview and Level Annotations

Branches:
Dungeon (4/15)
 Temple: D:4-7

Altars:
Xom

Shops:
D:1 (   D:3 *


Message History

Where to? (* - list waypoints, Enter - D:3, ? - help)
What level of the Dungeon? (default 1, ? - help)
You see here a +0 dagger.
There is a stone staircase leading down here.
You climb downwards.
You hear the sound of rushing water.
There is an entrance to a sewer on this level.
Hurry and find it before the portal rusts away!
Found four items.
There is a stone staircase leading up here.
A scorpion is nearby!
Waypoint 3 assigned to D:4.
1978 ||| PLANNING SEWER You shoot a sling bullet.
The sling bullet completely misses the scorpion.
You shoot a sling bullet. The sling bullet hits the scorpion.
The scorpion is lightly wounded.
The scorpion stings you.
You are poisoned.
The scorpion poisons you!
You shoot a sling bullet. The sling bullet hits the scorpion.
The scorpion is moderately wounded.
You feel very sick. The scorpion stings you.
You are more poisoned.
The scorpion poisons you!
1981 ||| STAIRDANCE You feel very sick.
The scorpion stings you.
You are lethally poisoned!
The scorpion poisons you!
You climb upwards.
You feel extremely sick.
There is a stone staircase leading down here.
You shoot a sling bullet.
The sling bullet completely misses the scorpion.
You feel very sick. The scorpion stings you. You block the scorpion's attack.
You shoot a sling bullet. The sling bullet hits the scorpion.
The scorpion is heavily wounded.
You die...

#.# #..>.......#.#
#.# #..........#.#
#.###..........#.#
#.#.)........<...#
#.#.#######....###
#.#.# #....# #.#.#
###### #.#s# #.#@#
##.#.# #..#.#
##.#.# #.#.# #.#.#
##.#^# #....#
######


You could see a scorpion.

Vanquished Creatures
  Jessica (D:3)
  A worm (D:3)
  2 dart slugs
  An orc (D:3)
  12 bats
  6 endoplasms
  5 giant cockroaches
  8 goblins
  3 hobgoblins
  A jackal (D:1)
  3 quokkas
  7 ball pythons
  2 frilled lizards
  6 kobolds
  5 rats
63 creatures vanquished.

Notes
Turn   | Place    | Note
-------+----------+-------------------------------------------
     0 | D:1      | qw the Minotaur Hexslinger began the quest for the Orb.
     0 | D:1      | Reached XP level 1. HP: 16/16 MP: 1/1
     0 | D:1      | 0 ||| qw: Version: 0.3-a-51-g015441d
     0 | D:1      | 0 ||| qw: Game counter: 4107
     0 | D:1      | 0 ||| qw: Melee chars always use a shield: true
     0 | D:1      | 0 ||| qw: God list: Okawaru
     0 | D:1      | 0 ||| qw: Allow faded altars: false
     0 | D:1      | 0 ||| qw: Do Orc after clearing Dungeon:15 true
     0 | D:1      | 0 ||| qw: Do second Lair branch before Depths: true
     0 | D:1      | 0 ||| qw: Lair rune preference: random
     0 | D:1      | 0 ||| qw: Goals: Normal
     0 | D:1      | 0 ||| PLANNING D:1-11
   175 | D:1      | Reached skill level 3 in Ranged Weapons
   178 | D:1      | Reached XP level 2. HP: 23/23 MP: 2/2
   191 | D:1      | 191 ||| FLEEEEING.
   192 | D:1      | 192 ||| FLEEEEING.
   193 | D:1      | 193 ||| FLEEEEING.
   194 | D:1      | 194 ||| FLEEEEING.
   461 | D:1      | Reached XP level 3. HP: 29/29 MP: 3/3
   695 | D:1      | Found Ceiby's Antique Weapon Shop.
   708 | D:1      | 708 ||| UPGRADING to +0 ring mail.
   718 | D:1      | 718 ||| DROPPING +0 robe.
   719 | D:1      | 719 ||| UPGRADING to amulet of reflection.
   724 | D:1      | 724 ||| READING scroll labelled TAECURI MOINOU.
   725 | D:1      | 725 ||| DROPPING scroll of poison.
   861 | D:2      | Found a shimmering altar of Xom.
   874 | D:2      | Reached skill level 4 in Ranged Weapons
  1054 | D:2      | Reached skill level 1 in Armour
  1114 | D:2      | Identified the +3 long sword "Jiwal" {heavy, rF+ Will-
                  | Dex+3}
  1392 | D:2      | 1392 ||| READING scroll labelled ALEUCI NYNUAT.
  1393 | D:2      | 1393 ||| READING scroll labelled PINUHOUVUDD.
  1580 | D:3      | Reached XP level 4. HP: 36/36 MP: 4/4
  1589 | D:3      | Found Senigeymn's General Store.
  1719 | D:3      | Noticed Jessica
  1721 | D:3      | Killed Jessica
  1762 | D:3      | Found a faded altar of an unknown god.
  1907 | D:3      | 1907 ||| READING 3 scrolls labelled UFAETR HOHO.
  1908 | D:3      | 1908 ||| DRINKING 2 bubbling coppery potions.
  1950 | D:3      | 1950 ||| DROPPING 2 scrolls of immolation.
  1951 | D:3      | 1951 ||| DROPPING potion of lignification.
  1977 | D:4      | Noticed a scorpion
  1978 | D:4      | 1978 ||| PLANNING SEWER
  1981 | D:4      | 1981 ||| STAIRDANCE
  1982 | D:3      | HP: 9/36 [poisoned by a scorpion]
  1983 | D:3      | HP: 4/36 [poisoned by a scorpion]
  1984 | D:3      | Succumbed to a scorpion's poison

Levels and vault maps discovered:
D:1:      psy_arrival_conway, layout_basic, serial_shops, shop
D:2:      layout_loops_ring, basic_altar, minmay_crystal_room
D:3:      layout_basic, chequers_ecumenical_altar_twisty, serial_shops, shop,
          uniq_jessica
D:4:      layout_basic, mainiacjoe_overflow_tiny_flanked,
          gup_sewer_entry_bubbles

Skill      XL: |  1  2  3 |
---------------+----------+-----
Ranged Weapons | 3 4 |  4.9
Fighting       | 2 |  2.0
Armour         | 1 |  1.0
Dodging        | |  2.1
Spellcasting   | |  1.0
Hexes          | |  2.0

Action                     |  1- 3 |  4- 6 || total
---------------------------+-------+-------++-------
   Fire: Sling             |   158 |    35 ||   193
    Use: Scroll            |     3 |     1 ||     4
         Potion            |       |     1 ||     1
 Armour: Robe              |     3 |       ||     3
         Ring mail         |    15 |     5 ||    20
  Dodge: Dodged            |    49 |     4 ||    53
  Block: Other             |     8 |     2 ||    10
         Reflection        |     2 |       ||     2

Table legend:
 A = Non-vault XP
 B = Vault XP
 C = Vault XP percentage of total XP
 D = Non-vault monster count
 E = Vault monster count
 F = Vault count percentage of total count
                 A         B        C        D         E       F
            +---------+---------+-------+---------+---------+-------
      Total |     112 |      37 |  24.8 |      62 |       1 |   1.6
            +---------+---------+-------+---------+---------+-------
        D:1 |      50 |       0 |   0.0 |      30 |       0 |   0.0
        D:2 |      31 |       0 |   0.0 |      17 |       0 |   0.0
        D:3 |      31 |      37 |  54.4 |      15 |       1 |   6.2
            +---------+---------+-------+---------+---------+-------
